 Dungeon Crawl Stone Soup version 0.20.1-1-g8b1a95d (webtiles) character file.

21 CalmDownMonkey the Charmwright (level 2, 0/23 HPs)
             Began as a Merfolk Skald on Sept 27, 2017.
             Slain by a giant cockroach (2 damage)
             ... on level 1 of the Dungeon on Sept 29, 2017.
             The game lasted 00:06:32 (250 turns).

CalmDownMonkey the Charmwright (Merfolk Skald)       Turns: 250, Time: 00:06:32

Health: 0/23       AC:  4    Str: 11    XL:     2   Next: 83%
Magic:  5/5        EV: 12    Int: 12    God:
Gold:   0          SH:  0    Dex: 13    Spells: 4/5 levels left

rFire    + . .     SeeInvis .   a - +0 spear
rCold    + . .     Gourm    .   (no shield)
rNeg     . . .     Faith    .   b - +0 leather armour
rPois    +         Spirit   .   (no helmet)
rElec    +         Reflect  .   (no cloak)
rCorr    +         Harm     .   e - +0 pair of gloves
MR       .....                  (no boots)
Stlth    +.........             (no amulet)
Regen    0.1/turn               (no ring)
MPRegen  0.1/turn               (no ring)

@: resistant
A: change form in water, swift swim, stealthy swim
a: no special abilities


You were on level 1 of the Dungeon.
You were not hungry.

You visited 1 branch of the dungeon, and saw 2 of its levels.

Inventory:

Hand Weapons
 a - a +0 spear (weapon)
Missiles
 f - 39 stones (quivered)
 i - 13 arrows
Armour
 b - a +0 leather armour (worn)
 e - a +0 pair of gloves (worn)
   (You found it on level 1 of the Dungeon)
Potions
 k - a potion of degeneration {!q}
Books
 c - a book of Battle
Comestibles
 d - a bread ration
 h - 8 chunks of flesh


   Skills:
 - Level 2.3 Fighting
 + Level 3.7 Polearms
 - Level 0.6 Armour
 - Level 2.6 Dodging
 - Level 2.0 Spellcasting
 + Level 3.8 Charms


You had 4 spell levels left.
You knew the following spells:

 Your Spells              Type           Power        Failure   Level  Hunger
a - Infusion              Chrm           ##..         7%          1    ##.....


Dungeon Overview and Level Annotations

Branches:
Dungeon (2/15)

Altars:


Message History

You barely miss the jackal.
The jackal is severely wounded.
The jackal barely misses you.
You hit the jackal.
You kill the jackal!
You hit the dart slug.
The dart slug is heavily wounded.
You hit the dart slug.
You kill the dart slug!
No target in view!
No target in view!
You butcher the dart slug corpse.
h - 3 chunks of flesh (gained 2)
You butcher the jackal corpse.
h - 5 chunks of flesh (gained 2)
You butcher the jackal corpse.
h - 8 chunks of flesh (gained 3)
There is an escape hatch in the floor here.
You see here a jackal skeleton.
There is an escape hatch in the floor here.
You see here a jackal skeleton.
k - a fuming blue potion
As you read the scroll labeled LUYTWUYRHE, it crumbles to dust.
It is a scroll of identify.
k - a potion of degeneration
As you read the scroll labeled YBADOM ZINGOEMU, it crumbles to dust.
You feel strangely unstable.
It was a scroll of teleportation.
Your surroundings suddenly seem different.
A kobold comes into view.
You closely miss the kobold. The kobold hits you but does no damage.
You hit the kobold.
You kill the kobold!
No target in view!
No target in view!
f - 24 stones (gained 3)
You see here a kobold corpse.
f - 39 stones (gained 15)
You fall through a shaft!
The shaft crumbles and collapses.
i - 13 arrows A giant cockroach comes into view.
An adder comes into view.
You closely miss the giant cockroach.
The adder hisses angrily.
The giant cockroach bites you but does no damage.
You barely miss the giant cockroach.
The giant cockroach bites you but does no damage.
You completely miss the giant cockroach.
The giant cockroach closely misses you.
The giant cockroach bites you but does no damage.
You hit the giant cockroach but do no damage.
The giant cockroach barely misses you.
You barely miss the giant cockroach.
The giant cockroach bites you but does no damage.
You hit the giant cockroach but do no damage.
The giant cockroach closely misses you. The adder bites you.
You hit the adder but do no damage.
The giant cockroach bites you but does no damage.
The adder bites you.
You barely miss the adder. The giant cockroach barely misses you.
The adder closely misses you.
You closely miss the adder. The adder closely misses you.
The giant cockroach barely misses you.
The giant cockroach bites you but does no damage.
The adder bites you but does no damage. The adder bites you but does no damage.
The giant cockroach closely misses you.
Found a stone staircase leading up.
A kobold comes into view. It is wielding a short sword.
The adder barely misses you.
The kobold shouts!
The giant cockroach bites you but does no damage.
Your leather armour prevents you from hitting the kobold.
The giant cockroach bites you but does no damage.
The kobold closely misses you.
You barely miss the kobold. The giant cockroach closely misses you.
The adder bites you. The kobold hits you with a short sword.
You hit the kobold.
You kill the kobold!
The giant cockroach waves its antennae.
The giant cockroach barely misses you. The adder misses you.
There is a stone staircase leading up here.
You see here a short sword.
The adder bites you.
* * * LOW HITPOINT WARNING * * *
The giant cockroach barely misses you. The adder closely misses you.
You climb upwards.
There is a stone staircase leading down here.
The giant cockroach bites you.
* * * LOW HITPOINT WARNING * * *
The giant cockroach bites you.
* * * LOW HITPOINT WARNING * * *
The giant cockroach misses you. The adder misses you.
The giant cockroach closely misses you. The adder bites you.
* * * LOW HITPOINT WARNING * * *
It was a potion of resistance.
You feel protected. The giant cockroach bites you.
You die...

.....# #############
##........###...........# #
#..........##..........##
.##..........##..........#
........................# #### #.
#..........####.#..###.###...
###.#..........####....###..#....
..............Ss@............)...
.......>.......####....####......
...............# ##..#.# ##.....
#.##...........###..##.## #.....
##..........#........## ##....
#....................# #..##
##...................# ##.##
##..................# #.##
###.####...........## #..#


You could see an adder and a giant cockroach.

Vanquished Creatures
  A dart slug (D:1)
  A leopard gecko (D:1)
  A giant cockroach (D:1)
  2 goblins (D:1)
  3 jackals (D:1)
  5 kobolds
  A ball python (D:1)
  2 bats (D:1)
  A frilled lizard (D:1)
  A rat (D:1)
18 creatures vanquished.

Notes
Turn   | Place    | Note
-------+----------+-------------------------------------------
     0 | D:1      | CalmDownMonkey the Merfolk Skald began the quest for the Orb.
     0 | D:1      | Reached XP level 1. HP: 16/16 MP: 3/3
    65 | D:1      | Reached XP level 2. HP: 23/23 MP: 5/5
   206 | D:1      | You fall through a shaft!
   241 | D:1      | HP: 4/23 [giant cockroach (2)]
   247 | D:1      | HP: 1/23 [adder (2)]
   250 | D:1      | Slain by a giant cockroach

Action                   || total
-------------------------++-------
Melee: Spear             ||    63
  Use: Scroll            ||     2
       Potion            ||     1
Armor: Leather armour    ||    27
Dodge: Dodged            ||    52

Vault maps used:
D:1:      eino_arrival_water_cross
D:2:      lemuel_crystal_altar, chequers_ecumenical_altar_grove, fountainhead

Table legend:
 A = Turns spent in this place as a percentage of turns spent in the entire game.
 B = Non-inter-level travel turns spent in this place as a percentage of non-inter-level travel turns spent in the entire game.
 C = Inter-level travel turns spent in this place as a percentage of turns spent in this place.
 D = Turns resting spent in this place as a percentage of non-inter-level travel turns spent in this place.
 E = Turns spent auto-exploring this place as a percentage of non-inter-level travel turns spent in this place.
 F = Non-inter-level travel turns spent in this place divided by the number of levels of this place that you've seen.
                   A       B       C       D       E      F
               +-------+-------+-------+-------+-------+----------------------
         Total | 100.0 | 100.0 |   0.0 |   0.0 |  12.2 |  74.0
       Dungeon | 100.0 | 100.0 |   0.0 |   0.0 |  12.2 |  74.0
               +-------+-------+-------+-------+-------+----------------------

Table legend:
 A = Kills in this place as a percentage of kills in entire the game.
 B = Kills by you in this place as a percentage of kills by you in the entire game.
 C = Kills by friends in this place as a percentage of kills by friends in the entire game.
 D = Other kills in this place as a percentage of other kills in the entire game.
 E = Experience gained in this place as a percentage of experience gained in the entire game.
 F = Experience gained in this place divided by the number of levels of this place that you have seen.
                   A       B       C       D       E      F
               +-------+-------+-------+-------+-------+----------------------
         Total | 100.0 | 100.0 |  -nan |  -nan | 100.0 |  15.0
       Dungeon | 100.0 | 100.0 |  -nan |  -nan | 100.0 |  15.0
               +-------+-------+-------+-------+-------+----------------------
